[Event "Titled Tuesday Blitz March 01 Early 2022"]
[White "Omariev, Maksim"]
[Black "Lakshmi C"]
[WhiteFideId "4193423"]
[BlackFideId "25035347"]
[WhiteElo "2434"]
[BlackElo "1775"]
[Result "0-1"]
[Round "09"]
[TimeControl "180+1"]
[Date "2022.03.01"]
[WhiteClock "0:00:06"]
[BlackClock "0:00:08"]

1. g4 c5 2. Bg2 d5 3. g5 e5 4. h4 h5 5. c4 d4 6. g6 Be6 7. gxf7+ Bxf7 8. Nf3 Nd7 9. Ng5 Ngf6 10. Bxb7 Rb8 11. Bf3 Bxc4 12. Qa4 Rb4 13. Qxa7 Qb8 14. Qxb8+ Nxb8 15. d3 Bf7 16. b3 Bd6 17. Nd2 O-O 18. Nxf7 Rxf7 19. Nc4 Bc7 20. Ba3 Rb5 21. Rc1 Na6 22. Rg1 Rb8 23. Rg5 Re7 24. Bxh5 e4 25. e3 exd3 26. Bf3 dxe3 27. fxe3 Bf4 28. Rf5 Bxe3 29. Nxe3 Rxe3+ 30. Kd2 Rbe8 31. Bb7 Nb4 32. Bxb4 Re2+ 33. Kxd3 R8e3+ 34. Kc4 cxb4 35. Kxb4 Rxa2 36. Rc8+ Kh7 37. Rc7 Kh6 38. Rc8 Rh3 39. Rg5 Rxh4+ 40. Kb5 Kxg5 41. b4 Rb2 42. Rc5+ Kh6 43. Kc6 Rbxb4 44. Bc8 Rbc4 0-1


[Site "https://www.chess.com"]

[Event "Titled Tuesday Blitz March 01 Early 2022"]
[White "Omelja, Artem"]
[Black "Shvedova, Alexandra"]
[WhiteFideId "14119846"]
[BlackFideId "54154782"]
[WhiteElo "2418"]
[BlackElo "1920"]
[Result "0-1"]
[Round "09"]
[TimeControl "180+1"]
[Date "2022.03.01"]
[WhiteClock "0:00:04"]
[BlackClock "0:00:32"]

1. d4 Nf6 2. c4 e6 3. Nf3 d5 4. Nc3 dxc4 5. e3 a6 6. Bxc4 b5 7. Be2 Bb7 8. O-O c5 9. Qc2 Nbd7 10. Rd1 Qb6 11. a4 b4 12. a5 Qa7 13. Na4 Be4 14. Qc4 Bd5 15. Qc2 Be4 16. Qd2 cxd4 17. Nxd4 Be7 18. b3 O-O 19. Bb2 Rfd8 20. Qe1 Rac8 21. Rac1 Nc5 22. Nb6 Rb8 23. f3 Bb7 24. Qxb4 Nd5 25. Qd2 Nxb6 26. axb6 Qxb6 27. Qc2 Rbc8 28. Qb1 Bf6 29. Qa2 h6 30. Kh1 e5 31. Nf5 Nxb3 32. Rxc8 Rxc8 33. Nd6 Rd8 34. Nc4 Rxd1+ 35. Bxd1 Qb4 36. Qxb3 Qe1# 0-1


[Site "https://www.chess.com"]

[Event "Titled Tuesday Blitz March 01 Early 2022"]
[White "Ooi, Zhi Yang"]
[Black "Nur-Mukhametova, Alisa"]
[WhiteFideId "5709270"]
[BlackFideId "54117739"]
[WhiteElo "1802"]
[BlackElo "2015"]
[Result "0-1"]
[Round "09"]
[TimeControl "180+1"]
[Date "2022.03.01"]
[WhiteClock "0:00:09"]
[BlackClock "0:00:16"]

1. d4 Nf6 2. Nc3 d5 3. Bg5 c5 4. Bxf6 gxf6 5. e3 Nc6 6. Qh5 e6 7. Nf3 a6 8. Bd3 f5 9. g4 fxg4 10. Ng5 Qf6 11. Nxh7 Qh6 12. Qxh6 Bxh6 13. Nf6+ Ke7 14. Nxg4 cxd4 15. exd4 Nxd4 16. Nxh6 Rxh6 17. O-O-O Nf3 18. h3 Bd7 19. Be2 Ng5 20. h4 Nh7 21. f4 Bc6 22. Bf3 Nf6 23. f5 Rah8 24. fxe6 fxe6 25. Ne2 Rxh4 26. Rhg1 Rg8 27. Rxg8 Nxg8 28. Nd4 Nf6 29. c4 Rf4 30. cxd5 Bxd5 31. Bxd5 Nxd5 32. Nb3 Kd6 33. Re1 e5 34. Nd2 Nf6 35. b3 e4 36. Nc4+ Ke6 37. Kc2 b5 38. Ne3 Rf2+ 39. Kc3 Ke5 40. Nc2 Nd5+ 41. Kb2 Nb4 42. Rc1 Nd3+ 0-1


[Site "https://www.chess.com"]

[Event "Titled Tuesday Blitz March 01 Early 2022"]
[White "Oparin, Grigoriy"]
[Black "Ohanyan, Emin"]
[WhiteFideId "24125890"]
[BlackFideId "13312022"]
[WhiteElo "2685"]
[BlackElo "1809"]
[Result "1-0"]
[Round "09"]
[TimeControl "180+1"]
[Date "2022.03.01"]
[WhiteClock "0:00:25"]
[BlackClock "0:00:02"]

1. d4 d5 2. Nf3 Nf6 3. c4 c6 4. Nbd2 g6 5. e3 Bg7 6. Bd3 Bf5 7. Bxf5 gxf5 8. Qb3 Qb6 9. Ne5 Nbd7 10. Nxd7 Kxd7 11. Qc2 e6 12. O-O Rhg8 13. Nf3 Ne4 14. b4 dxc4 15. Qxc4 Qb5 16. Qc2 Qd5 17. Ne1 Bf8 18. f3 Nf6 19. Nd3 Bd6 20. Bb2 Raf8 21. Rae1 Kc8 22. Nc5 b6 23. Nd3 Kb7 24. Ne5 Be7 25. e4 fxe4 26. fxe4 Qd6 27. a4 Ng4 28. Nxg4 Rxg4 29. b5 cxb5 30. axb5 Rc8 31. Qd3 f6 32. Re2 Rg7 33. Qf3 Kb8 34. Kh1 Qd7 35. Qb3 Rd8 36. Rc2 Rc8 37. Rd2 Rgg8 38. d5 e5 39. d6 Bd8 40. Qxg8 1-0


[Site "https://www.chess.com"]

[Event "Titled Tuesday Blitz March 01 Early 2022"]
[White "Osmonbekov, Talaibek"]
[Black "Araujo Filho, Luiz Antonio Coel"]
[WhiteFideId "2017253"]
[BlackFideId "2130661"]
[WhiteElo "2135"]
[BlackElo "2164"]
[Result "0-1"]
[Round "09"]
[TimeControl "180+1"]
[Date "2022.03.01"]
[WhiteClock "0:00:04"]
[BlackClock "0:00:21"]

1. d4 f5 2. Nc3 Nf6 3. e4 fxe4 4. Bg5 c6 5. f3 d5 6. Qd2 b5 7. Bxf6 exf6 8. fxe4 b4 9. Na4 dxe4 10. Bc4 Nd7 11. O-O-O Qa5 12. Bb3 Ba6 13. Re1 O-O-O 14. Rxe4 Bb5 15. d5 Bxa4 16. Bxa4 Qxa4 17. a3 Ne5 18. Nf3 Rxd5 19. Qe2 Bd6 20. Rd1 Rxd1+ 21. Qxd1 Kc7 22. Rd4 Rd8 23. Kb1 c5 24. Re4 f5 25. Rh4 h6 26. axb4 Be7 27. Qe2 Bxh4 28. Qxe5+ Kb7 29. Qxg7+ Kc8 0-1


[Site "https://www.chess.com"]

[Event "Titled Tuesday Blitz March 01 Early 2022"]
[White "Panesar Vedant"]
[Black "Cori T., Deysi"]
[WhiteFideId "35033018"]
[BlackFideId "3801934"]
[WhiteElo "1971"]
[BlackElo "2350"]
[Result "1-0"]
[Round "09"]
[TimeControl "180+1"]
[Date "2022.03.01"]
[WhiteClock "0:00:26"]
[BlackClock "0:00:19"]

1. d4 f5 2. Bg5 d6 3. e3 c5 4. dxc5 Qa5+ 5. Nc3 Qxc5 6. Qd5 Qb6 7. O-O-O Nc6 8. Nf3 h6 9. Bh4 g5 10. Bg3 Nf6 11. Qb5 e5 12. h4 g4 13. Nd2 Be6 14. Nc4 Qc7 15. h5 Kf7 16. Bh4 Nd7 17. Nd5 Qb8 18. f3 gxf3 19. gxf3 Nc5 20. Rg1 a6 21. Qb6 Nd7 22. Qb3 b5 23. Nd2 Nc5 24. Qc3 Bxd5 25. e4 Be6 26. exf5 Bxf5 27. Ne4 Nd4 28. Rxd4 exd4 29. Qxd4 Rg8 30. Qf6+ Ke8 31. Rxg8 Kd7 32. Qxf5+ Kc6 33. Nxc5 dxc5 34. Bd3 Kb6 35. Be4 Qh2 36. Qe6+ Ka5 37. Be1+ b4 38. Bxa8 Qf4+ 39. Kb1 Bd6 40. a3 Be5 41. axb4+ Ka4 42. Qxa6# 1-0


[Site "https://www.chess.com"]

[Event "Titled Tuesday Blitz March 01 Early 2022"]
[White "Petrova, Irina"]
[Black "Piliczewski, Bogusz"]
[WhiteFideId "14124122"]
[BlackFideId "1104144"]
[WhiteElo "1988"]
[BlackElo "1896"]
[Result "1-0"]
[Round "09"]
[TimeControl "180+1"]
[Date "2022.03.01"]
[WhiteClock "0:01:49"]
[BlackClock "0:00:15"]

1. e4 c6 2. d4 d5 3. e5 c5 4. dxc5 e6 5. a3 Bxc5 6. Qg4 Kf8 7. b4 Bb6 8. Bb2 Ne7 9. Bd3 Ng6 10. Nf3 Nc6 11. Nbd2 Bc7 12. O-O Ncxe5 13. Nxe5 Bxe5 14. Bxe5 Nxe5 15. Qg3 Nxd3 16. cxd3 g6 17. Qe5 f6 18. Qg3 Kf7 19. Rac1 e5 20. f4 e4 21. dxe4 dxe4 22. Nxe4 Bf5 23. Nc5 Qd4+ 24. Kh1 b6 25. Rfd1 Qb2 26. Nb7 Rac8 27. Nd6+ Ke7 28. Qe3+ Be6 29. Nxc8+ Rxc8 30. Rxc8 Kf7 31. Rc7+ Kf8 32. Qxe6 1-0


[Site "https://www.chess.com"]

[Event "Titled Tuesday Blitz March 01 Early 2022"]
[White "Piesik, Piotr"]
[Black "Seo, Jung Min"]
[WhiteFideId "1136194"]
[BlackFideId "1734687"]
[WhiteElo "2232"]
[BlackElo "2401"]
[Result "0-1"]
[Round "09"]
[TimeControl "180+1"]
[Date "2022.03.01"]
[WhiteClock "0:00:02"]
[BlackClock "0:00:09"]

1. Nf3 g6 2. g3 Bg7 3. d4 Nf6 4. Bg2 O-O 5. O-O d6 6. Nbd2 Nbd7 7. e4 e5 8. dxe5 dxe5 9. Qe2 Qe7 10. b3 Re8 11. a4 b6 12. Bb2 a5 13. Nc4 Ba6 14. Nfd2 Nc5 15. Rfd1 Nfd7 16. Bh3 Rad8 17. Qe1 Nf8 18. Ne3 Bb7 19. f3 Nfe6 20. Bxe6 Nxe6 21. c3 Nc5 22. Ba3 Bf8 23. Ndc4 Qe6 24. Bxc5 Bxc5 25. Kg2 Ba6 26. Nd5 Rc8 27. Nce3 c6 28. b4 axb4 29. Nxb4 Bb7 30. a5 bxa5 31. Rxa5 Bb6 32. Raa1 Ra8 33. Ng4 h5 34. Nf2 Rxa1 35. Rxa1 Qc4 36. Nbd3 Bc8 37. Rb1 Ba5 38. Nb4 Rd8 39. Qc1 Kg7 40. h4 Be6 41. Qe3 Rb8 42. Rc1 Bb6 43. Qd3 Qc5 44. Rc2 Rd8 45. Qe2 Bc4 46. Qe1 Bb3 47. Rb2 Be6 48. Nbd3 Qa5 49. Nb4 Rd6 50. Ra2 Qb5 51. Rd2 Rxd2 52. Qxd2 Bc5 53. Nbd3 Be7 54. Nc1 Qc4 55. Ne2 Bc5 56. Nh3 f6 57. Nf2 Be7 58. Nd3 Qb5 59. Nb2 Qb3 60. Nd1 Qb6 61. Ne3 Bc5 62. Nf1 Qc7 63. f4 Bd6 64. Qe3 Bg4 65. fxe5 Bxe5 66. Nf4 Qd6 67. Nd2 Qa3 68. Nf3 Qxc3 69. Qxc3 Bxc3 70. Nd3 Kf7 71. Kf2 Ba5 0-1


[Site "https://www.chess.com"]

[Event "Titled Tuesday Blitz March 01 Early 2022"]
[White "Pinheiro, Iung Alicio de O."]
[Black "Krysa, Leandro"]
[WhiteFideId "2104350"]
[BlackFideId "116807"]
[WhiteElo "2555"]
[BlackElo "2490"]
[Result "0-1"]
[Round "09"]
[TimeControl "180+1"]
[Date "2022.03.01"]
[WhiteClock "0:00:08"]
[BlackClock "0:00:07"]

1. e4 e5 2. Bc4 Nf6 3. d3 Nc6 4. Nc3 Bb4 5. Ne2 d5 6. exd5 Nxd5 7. O-O Nxc3 8. bxc3 Bd6 9. a4 O-O 10. f4 exf4 11. h3 g5 12. d4 h6 13. Kh1 Qf6 14. Bd3 Bf5 15. Rb1 b6 16. Ng3 Bxd3 17. cxd3 Qg6 18. Nh5 Rfe8 19. Bd2 Ne7 20. g4 Qxd3 21. Rf3 Qg6 22. h4 Nf5 23. hxg5 hxg5 24. Rb5 Nh4 25. Rf2 Re6 26. Qb1 Qxb1+ 27. Rxb1 Rae8 28. Rb5 f6 29. Kg1 Kf7 30. Kf1 a6 31. Rb1 Kg6 32. c4 f5 33. gxf5+ Kxf5 34. Ng7+ Kg4 35. Nxe8 Rxe8 36. Re1 Rxe1+ 37. Kxe1 f3 38. Be3 Bg3 39. Kd2 Bxf2 40. Bxf2 Ng6 41. Kd3 Nf4+ 42. Ke4 Nh3 43. Ke3 Nxf2 44. Kxf2 Kf4 45. a5 g4 46. d5 g3+ 47. Kg1 f2+ 48. Kg2 Ke3 49. axb6 cxb6 50. d6 Ke2 51. d7 f1=Q+ 52. Kxg3 Qf3+ 53. Kh4 Qd3 54. c5 Qxd7 55. cxb6 Qb7 56. Kg5 Qxb6 57. Kf5 Ke3 58. Ke5 Qc5+ 59. Ke6 Ke4 60. Kd7 Qb6 61. Ke8 Qc7 62. Kf8 Kf5 63. Kg8 Kf6 64. Kh8 Qg7# 0-1


[Site "https://www.chess.com"]

[Event "Titled Tuesday Blitz March 01 Early 2022"]
[White "Ponkratov, Pavel"]
[Black "Jary, Sergey"]
[WhiteFideId "4157800"]
[BlackFideId "14110350"]
[WhiteElo "2487"]
[BlackElo "2260"]
[Result "1-0"]
[Round "09"]
[TimeControl "180+1"]
[Date "2022.03.01"]
[WhiteClock "0:01:33"]
[BlackClock "0:00:02"]

1. c4 Nf6 2. Nc3 g6 3. d4 Bg7 4. Nf3 d6 5. g3 O-O 6. Bg2 Nc6 7. O-O a6 8. b3 Rb8 9. d5 Na5 10. Bg5 h6 11. Bd2 c5 12. dxc6 Nxc6 13. Rc1 Kh7 14. h3 d5 15. Bf4 Ra8 16. cxd5 Nb4 17. e4 a5 18. a3 Na6 19. Be5 Bd7 20. Nd4 Rc8 21. Bf4 Qb6 22. Be3 Qd6 23. Ncb5 Qb8 24. Bf4 Qa8 25. Qd2 Nh5 26. Be3 Nc5 27. b4 Bxb5 28. Nxb5 Nb3 29. Rxc8 Qxc8 30. Qd3 a4 31. Kh2 Nf6 32. e5 Nd7 33. f4 f5 34. d6 exd6 35. Nxd6 Qc7 36. Nxb7 Nb6 37. Nd6 Rd8 38. Rf2 Bf8 39. Rc2 Qb8 40. Qb5 Bxd6 41. Qxb6 1-0


[Site "https://www.chess.com"]

[Event "Titled Tuesday Blitz March 01 Early 2022"]
[White "Prado Lobo, Jonas"]
[Black "Goryachkina, Aleksandra"]
[WhiteFideId "32050666"]
[BlackFideId "4147103"]
[WhiteElo "2199"]
[BlackElo "2426"]
[Result "0-1"]
[Round "09"]
[TimeControl "180+1"]
[Date "2022.03.01"]
[WhiteClock "0:00:04"]
[BlackClock "0:00:30"]

1. d4 Nf6 2. c4 e6 3. Nc3 d5 4. cxd5 exd5 5. Bg5 c6 6. Qc2 h6 7. Bh4 g6 8. e3 Bg7 9. Bd3 O-O 10. Nge2 Nbd7 11. O-O Re8 12. b4 Nb6 13. b5 Be6 14. bxc6 bxc6 15. Na4 Rc8 16. Ba6 Rc7 17. Bg3 Rce7 18. Rab1 Ne4 19. Nxb6 axb6 20. Bd3 Bf5 21. Rfe1 c5 22. dxc5 bxc5 23. f3 Nxg3 24. Nxg3 Bxd3 25. Qxd3 Rxe3 26. Rxe3 Rxe3 27. Qxe3 Bd4 28. Qxd4 cxd4 29. Rd1 Qb6 30. Kf1 Qa6+ 31. Ne2 d3 32. Nc3 Qc4 33. Nb1 Qxa2 34. Nd2 Qc2 35. Ke1 Kg7 36. Rb1 Qc5 37. Kf1 Qe3 38. Nb3 Qe2+ 39. Kg1 d2 40. Nxd2 Qxd2 41. h3 Qe3+ 42. Kh2 d4 43. Re1 Qxe1 0-1


[Site "https://www.chess.com"]

[Event "Titled Tuesday Blitz March 01 Early 2022"]
[White "Prieto Aranguren, Alain"]
[Black "Dias, Joao Batista"]
[WhiteFideId "2268906"]
[BlackFideId "2108240"]
[WhiteElo "2235"]
[BlackElo "1898"]
[Result "1/2-1/2"]
[Round "09"]
[TimeControl "180+1"]
[Date "2022.03.01"]
[WhiteClock "0:00:12"]
[BlackClock "0:00:11"]

1. d4 d5 2. c4 c6 3. Nf3 Nf6 4. Nc3 g6 5. e3 Bg7 6. Be2 O-O 7. O-O Bg4 8. Qb3 b6 9. cxd5 cxd5 10. Bd2 e6 11. Rfc1 Nbd7 12. h3 Bxf3 13. Bxf3 Rc8 14. Nb5 Rxc1+ 15. Rxc1 a6 16. Nc7 a5 17. Nb5 Ne4 18. Be1 Qe7 19. Rc7 Rd8 20. Na7 Qd6 21. Rc6 Qb8 22. Nb5 Bf8 23. Qc2 Nd6 24. Nxd6 Bxd6 25. Be2 Nf6 26. Ba6 Ne4 27. f3 Nf6 28. Bh4 Be7 29. Qb3 Kg7 30. Qxb6 Qxb6 31. Rxb6 h6 32. Rb7 Kf8 33. Be1 Ne8 34. Bb5 Nd6 35. Rb6 Nxb5 36. Rxb5 a4 37. Bb4 Ra8 38. Bxe7+ Kxe7 39. Rb7+ Kf6 40. Kf2 g5 41. Ke1 h5 42. Kd2 Kg6 43. Kc3 Rc8+ 44. Kd2 Ra8 45. Rb4 f5 46. Rb7 f4 47. e4 dxe4 48. fxe4 g4 49. hxg4 hxg4 50. Rb6 Kf7 51. Kd3 Rh8 52. Rb7+ Kf6 53. e5+ Kg6 54. Ke4 Rh2 55. Kxf4 Rxg2 56. Re7 Rxb2 57. Rxe6+ Kh5 58. Re8 Rf2+ 59. Kg3 Rf3+ 60. Kg2 Ra3 61. e6 Rxa2+ 62. Kg3 Ra3+ 63. Kf4 Rf3+ 64. Ke4 Rf1 65. e7 g3 66. Rh8+ Kg4 67. e8=Q Re1+ 68. Kd3 Rxe8 69. Rxe8 Kf3 70. d5 g2 71. Rg8 Kf2 72. d6 a3 73. d7 a2 74. d8=Q a1=Q 75. Qh4+ Kg1 76. Qd4+ Qxd4+ 77. Kxd4 Kf1 78. Rf8+ Ke2 79. Rg8 Kf2 80. Rf8+ Ke2 81. Rg8 Kf2 82. Ke4 g1=Q 83. Rxg1 Kxg1 1/2-1/2


[Site "https://www.chess.com"]

[Event "Titled Tuesday Blitz March 01 Early 2022"]
[White "Quirke, Jeffrey"]
[Black "Kornyukov, Alexey"]
[WhiteFideId "2013029"]
[BlackFideId "4150457"]
[WhiteElo "2146"]
[BlackElo "2303"]
[Result "1-0"]
[Round "09"]
[TimeControl "180+1"]
[Date "2022.03.01"]
[WhiteClock "0:00:04"]
[BlackClock "0:01:15"]

1. c4 e5 2. g3 Nc6 3. Bg2 Nf6 4. e3 Bc5 5. Ne2 O-O 6. O-O d6 7. Nbc3 a5 8. b3 Bf5 9. d4 exd4 10. Nxd4 Nxd4 11. exd4 Bb4 12. Bb2 Bxc3 13. Bxc3 Qd7 14. d5 Ne4 15. Bb2 Nc5 16. Qd4 f6 17. Rfe1 Rfe8 18. Qc3 Rxe1+ 19. Rxe1 Nd3 20. Re3 Nxb2 21. Qxb2 Re8 22. Qe2 Rxe3 23. Qxe3 Kf7 24. a3 Bh3 25. Bxh3 Qxh3 26. Qa7 Qg4 27. Qxb7 Qd1+ 28. Kg2 Qe2 29. Qxc7+ Kg6 30. Qxd6 Qe4+ 31. f3 Qc2+ 32. Kh3 Qf5+ 33. Kg2 Qc2+ 34. Kh3 Qf5+ 35. g4 Qxf3+ 36. Qg3 Qf1+ 37. Kh4 Kh6 38. Qe3+ g5+ 39. Kg3 Qa1 40. d6 Qxa3 41. Qd4 Qxb3+ 42. Kf2 Qc2+ 43. Ke3 Qc1+ 44. Ke4 Qe1+ 45. Kd5 Qh1+ 46. Kc5 Qb7 47. Qxf6# 1-0


[Site "https://www.chess.com"]

[Event "Titled Tuesday Blitz March 01 Early 2022"]
[White "Rangel, Daniel"]
[Black "Kretov, Evgenij"]
[WhiteFideId "2124475"]
[BlackFideId "4167821"]
[WhiteElo "2187"]
[BlackElo "2303"]
[Result "0-1"]
[Round "09"]
[TimeControl "180+1"]
[Date "2022.03.01"]
[WhiteClock "0:00:07"]
[BlackClock "0:00:07"]

1. c4 Nf6 2. g3 c5 3. Bg2 d5 4. cxd5 Nxd5 5. Nf3 Nc6 6. d4 e6 7. O-O cxd4 8. Nxd4 Bc5 9. Nxc6 bxc6 10. Qc2 Qb6 11. a3 O-O 12. Nc3 Nxc3 13. Qxc3 Ba6 14. Bf3 Rac8 15. Rd1 Bxf2+ 16. Kg2 Bc5 17. b4 Be7 18. Be3 Bf6 19. Qb3 c5 20. Rac1 c4 21. Qa4 Qxe3 22. Qxa6 Bd4 23. Rxc4 Rxc4 24. Qxc4 Bb6 25. a4 Qf2+ 26. Kh3 g6 27. a5 Be3 28. b5 h5 29. b6 axb6 30. a6 b5 31. Qxb5 h4 32. Qe5 Bh6 33. gxh4 Bg7 34. Qg3 Qb6 35. Kg2 Qxa6 36. h5 gxh5 37. Bxh5 Qc6+ 38. Bf3 Qc5 39. Kh1 Qc3 40. Rg1 Rd8 41. h4 Kf8 42. h5 Be5 43. Qg8+ Ke7 44. Qg5+ Bf6 45. Qg4 Rh8 46. Kg2 Bd4 47. Rb1 Be5 48. Rb7+ Bc7 49. Qg5+ Kd7 50. Qb5+ Kd8 51. Qa6 Rg8+ 52. Kf2 Qd4+ 53. e3 Qd2+ 54. Be2 Qc3 55. Qa8+ Kd7 56. Qa7 Rg5 57. Qd4+ Qxd4 58. exd4 Kc6 59. Ke3 Kxb7 60. Bf3+ Kc8 61. Ke4 Rg8 62. d5 Rh8 63. dxe6 fxe6 64. Bg4 Kd7 65. Kf3 Ke7 66. Kg2 Kf6 67. Kf3 e5 68. Ke3 Kg5 69. Be2 Rxh5 70. Ke4 Rh2 71. Bf3 Rh4+ 72. Kd5 Rf4 73. Ke6 Rxf3 0-1


[Site "https://www.chess.com"]

[Event "Titled Tuesday Blitz March 01 Early 2022"]
[White "Reprintsev, Alexander"]
[Black "Hamley, Ryan"]
[WhiteFideId "14100541"]
[BlackFideId "30959497"]
[WhiteElo "2126"]
[BlackElo "2559"]
[Result "0-1"]
[Round "09"]
[TimeControl "180+1"]
[Date "2022.03.01"]
[WhiteClock "0:02:45"]
[BlackClock "0:02:37"]

1. e4 c6 2. b3 g6 3. Bb2 Nf6 4. e5 Nd5 5. Nc3 Nxc3 6. dxc3 Bg7 7. Qe2 O-O 8. O-O-O Qc7 9. f4 d6 10. c4 Nd7 11. Nf3 dxe5 12. fxe5 Nc5 13. h3 a5 14. a4 b5 15. cxb5 cxb5 16. Qxb5 Ba6 0-1


[Site "https://www.chess.com"]

[Event "Titled Tuesday Blitz March 01 Early 2022"]
[White "Risteski, Emil"]
[Black "Gadimbayli, Abdulla"]
[WhiteFideId "15005267"]
[BlackFideId "13404938"]
[WhiteElo "2070"]
[BlackElo "2282"]
[Result "1-0"]
[Round "09"]
[TimeControl "180+1"]
[Date "2022.03.01"]
[WhiteClock "0:00:15"]
[BlackClock "0:00:35"]

1. e4 e5 2. Nf3 d5 3. exd5 e4 4. Qe2 Nf6 5. Nc3 Be7 6. Nxe4 O-O 7. d3 Nxd5 8. c4 Nb4 9. a3 N4c6 10. Bf4 Bg4 11. O-O-O Nd4 12. Qe3 Nbc6 13. Nxd4 Nxd4 14. f3 Bf5 15. g4 Bg6 16. h4 f5 17. Ng5 fxg4 18. fxg4 Bc5 19. Qg3 Qf6 20. Be5 Qb6 21. h5 Rf2 22. Qxf2 Nb3+ 23. Kb1 Bxf2 24. hxg6 h6 25. Ne4 Bd4 26. Bxd4 Nxd4 27. g5 Rf8 28. Bg2 Qb3 29. Rd2 h5 30. Nc5 Qb6 31. Bd5+ 1-0


[Site "https://www.chess.com"]

[Event "Titled Tuesday Blitz March 01 Early 2022"]
[White "Rodchenkov, Sergey D."]
[Black "Kucuksari, Kaan"]
[WhiteFideId "4168712"]
[BlackFideId "6380166"]
[WhiteElo "2306"]
[BlackElo "2305"]
[Result "0-1"]
[Round "09"]
[TimeControl "180+1"]
[Date "2022.03.01"]
[WhiteClock "0:01:34"]
[BlackClock "0:02:43"]

1. e4 c5 2. Nf3 Nc6 3. d4 cxd4 4. Nxd4 e5 5. Nb5 Nf6 6. Bd3 a6 7. N5a3 d5 8. exd5 Qxd5 9. O-O Bb4 10. Nc3 Bxc3 11. bxc3 O-O 12. Nc4 e4 13. Nb6 Qa5 14. Nxa8 exd3 15. Qxd3 Bf5 16. Qg3 Rxa8 17. Bg5 Ne4 18. Qe3 Qxc3 19. Qxc3 Nxc3 20. Rfe1 0-1


[Site "https://www.chess.com"]

[Event "Titled Tuesday Blitz March 01 Early 2022"]
[White "Rozhkov, Viacheslav"]
[Black "Nasyrova, Ekaterina"]
[WhiteFideId "4181484"]
[BlackFideId "44157797"]
[WhiteElo "2324"]
[BlackElo "2068"]
[Result "1-0"]
[Round "09"]
[TimeControl "180+1"]
[Date "2022.03.01"]
[WhiteClock "0:00:09"]
[BlackClock "0:00:13"]

1. e4 e5 2. Nf3 Nc6 3. d4 exd4 4. Bc4 Bc5 5. Ng5 Nh6 6. Nxf7 Nxf7 7. Bxf7+ Kxf7 8. Qh5+ Kf8 9. Qxc5+ d6 10. Qc4 Qf6 11. O-O Be6 12. Qe2 g6 13. b3 Kg7 14. Bb2 Rae8 15. c3 Rhf8 16. f4 dxc3 17. Nxc3 Nd4 18. Qf2 Bg4 19. Nd5 Ne2+ 20. Qxe2 Bxe2 21. Nxf6 Rxf6 22. Rfe1 Bg4 23. Rac1 Re7 24. h3 Bc8 25. g4 Kf7 26. Bxf6 Kxf6 27. e5+ dxe5 28. Rxe5 Be6 29. Rce1 h5 30. f5 gxf5 31. gxf5 Rg7+ 32. Kh2 Bd7 33. Rd5 Bc6 34. Re6+ Kf7 35. Rd2 Rg5 36. Rf2 Bd7 37. Rh6 Kg7 38. f6+ Kf7 39. Rh7+ Ke6 40. Re7+ Kd6 41. Rd2+ Kc6 42. Rdxd7 1-0


[Site "https://www.chess.com"]

[Event "Titled Tuesday Blitz March 01 Early 2022"]
[White "Rustemov, Alexander"]
[Black "Shuvalova, Polina"]
[WhiteFideId "4119002"]
[BlackFideId "24171760"]
[WhiteElo "2795"]
[BlackElo "2355"]
[Result "1-0"]
[Round "09"]
[TimeControl "180+1"]
[Date "2022.03.01"]
[WhiteClock "0:00:20"]
[BlackClock "0:00:03"]

1. Nf3 Nf6 2. c4 e6 3. Nc3 d5 4. d4 c5 5. cxd5 exd5 6. Bg5 Be6 7. e3 c4 8. Ne5 Qa5 9. Bxf6 gxf6 10. Nf3 Bb4 11. Qc2 Nd7 12. Be2 f5 13. O-O Bxc3 14. bxc3 b5 15. Nh4 Nf6 16. Nxf5 Ne4 17. Ng7+ Ke7 18. Nxe6 fxe6 19. Rfc1 h5 20. f3 Nd6 21. e4 Rag8 22. a4 b4 23. cxb4 Qxb4 24. Rcb1 Qa5 25. e5 Nf5 26. Rb7+ Kf8 27. Qc1 Rh6 28. Rab1 Rg7 29. Rxg7 Kxg7 30. Qg5+ Rg6 31. Rb7+ Kh8 32. Qxg6 Qe1+ 33. Bf1 Qe3+ 34. Kh1 Nd6 35. Qh7# 1-0


[Site "https://www.chess.com"]

[Event "Titled Tuesday Blitz March 01 Early 2022"]
[White "Sadhwani, Raunak"]
[Black "Nakamura, Hikaru"]
[WhiteFideId "35093487"]
[BlackFideId "2016192"]
[WhiteElo "3000"]
[BlackElo "3167"]
[Result "1-0"]
[Round "09"]
[TimeControl "180+1"]
[Date "2022.03.01"]
[WhiteClock "0:00:12"]
[BlackClock "0:00:10"]

1. e4 g6 2. d4 Bg7 3. Nc3 a6 4. Be3 b5 5. Qd2 Bb7 6. f3 d6 7. h4 h5 8. O-O-O e6 9. Nh3 Nd7 10. Ng5 Nb6 11. b3 Nf6 12. Kb1 Qe7 13. g3 c5 14. dxc5 dxc5 15. Bf4 e5 16. Be3 Rc8 17. Qd6 Rc6 18. Nxb5 Rxd6 19. Nxd6+ Kf8 20. Bxc5 Nfd7 21. Ba3 Kg8 22. Kb2 Bf8 23. Ngxf7 Rh7 24. Ng5 Bc6 25. Bxa6 Qf6 26. Rd3 Re7 27. Rhd1 Re6 28. c4 Re7 29. c5 Na8 30. Bc4+ Kg7 31. b4 Nc7 32. b5 Nb8 33. Bb4 Nxb5 34. Nxb5 Rb7 35. a4 Na6 36. Ne6+ Kh8 37. Rd8 Rf7 38. Nd6 Kh7 39. Nxf7 Bh6 40. Nfg5+ 1-0


[Site "https://www.chess.com"]

[Event "Titled Tuesday Blitz March 01 Early 2022"]
[White "Santos Flores, Alberto"]
[Black "Pajeken, Jakob Leon"]
[WhiteFideId "3601234"]
[BlackFideId "12942839"]
[WhiteElo "2293"]
[BlackElo "2351"]
[Result "1/2-1/2"]
[Round "09"]
[TimeControl "180+1"]
[Date "2022.03.01"]
[WhiteClock "0:00:37"]
[BlackClock "0:01:13"]

1. e4 e5 2. Nf3 Nc6 3. Bc4 Bc5 4. c3 Nf6 5. d3 O-O 6. O-O a6 7. a4 Ba7 8. h3 d6 9. Bg5 Be6 10. Nbd2 h6 11. Bh4 Qe7 12. Ba2 Nd8 13. Nh2 Bxa2 14. Rxa2 Qe6 15. Ra1 Nc6 16. Kh1 Ne7 17. Bg3 Ng6 18. f4 exf4 19. Bxf4 Nxf4 20. Rxf4 Be3 21. Rf3 Bxd2 22. Qxd2 d5 23. exd5 Qxd5 24. d4 Rfe8 25. Re1 Rxe1+ 26. Qxe1 Re8 27. Re3 Rxe3 28. Qxe3 Qb3 29. Ng4 Nxg4 30. hxg4 Qxa4 31. Qe7 Qc6 32. g5 hxg5 33. Qxg5 Qh6+ 34. Qxh6 gxh6 35. Kh2 Kg7 36. Kg3 Kf6 37. Kf4 c6 38. g4 Kg6 39. c4 Kf6 40. b4 b6 41. Ke4 Ke6 42. Kf4 a5 43. c5 axb4 44. cxb6 Kd7 45. Ke4 Kc8 46. Kd3 Kb7 47. Kc4 Kxb6 48. Kxb4 Kc7 49. Kc5 Kd7 50. d5 cxd5 51. Kxd5 Ke7 52. Ke5 f6+ 53. Kf5 Kf7 54. Ke4 Kg7 55. Kf5 Kf7 56. Ke4 Kg6 57. Kf4 Kg7 58. Kf5 Kf7 1/2-1/2


[Site "https://www.chess.com"]

[Event "Titled Tuesday Blitz March 01 Early 2022"]
[White "Sarana, Alexey"]
[Black "Durarbayli, Vasif"]
[WhiteFideId "24133795"]
[BlackFideId "13402935"]
[WhiteElo "2665"]
[BlackElo "2528"]
[Result "1-0"]
[Round "09"]
[TimeControl "180+1"]
[Date "2022.03.01"]
[WhiteClock "0:00:05"]
[BlackClock "0:00:03"]

1. d4 Nf6 2. c4 e6 3. Nc3 Bb4 4. e3 O-O 5. Bd3 d5 6. a3 Bxc3+ 7. bxc3 dxc4 8. Bxc4 c5 9. Ne2 Qc7 10. Bd3 b6 11. e4 Ba6 12. Bg5 Bxd3 13. Qxd3 Nbd7 14. O-O Rac8 15. e5 c4 16. Qh3 Nd5 17. Qg3 f5 18. a4 a6 19. Rfb1 Qc6 20. Qf3 Rb8 21. Nf4 h6 22. Nxd5 Qxd5 23. Be7 Qxf3 24. gxf3 Rfc8 25. Bd6 Rb7 26. Rb4 Kf7 27. Rab1 Rc6 28. f4 Ra7 29. h4 Ra8 30. Kg2 Rg8 31. Kf3 g6 32. R4b2 h5 33. Re1 Re8 34. Ba3 Rd8 35. Reb1 Rdc8 36. Bd6 Re8 37. Re2 Nf6 38. exf6 Rxd6 39. Re5 Rc8 40. d5 exd5 41. Re7+ Kxf6 42. Rb7 Rcc6 43. Ke3 d4+ 44. cxd4 Rd5 45. R1xb6 Re6+ 46. Rxe6+ Kxe6 47. Rc7 Rd6 48. Rxc4 Rb6 49. Kd3 Rb2 50. Rc6+ Kd5 51. Rc5+ Kd6 52. f3 Rb3+ 53. Kc4 Rxf3 54. Ra5 Rxf4 55. Rxa6+ Kc7 56. Rxg6 Rxh4 57. Kc5 Rh1 58. Rg7+ Kc8 59. d5 Rc1+ 60. Kd6 f4 61. a5 Kb8 62. Rf7 h4 63. Rxf4 h3 64. Rh4 Rc3 65. Rh7 Rd3 66. a6 Ra3 67. Ke5 Rxa6 68. d6 Ra1 69. Ke6 Kc8 70. Rh8+ Kb7 71. d7 Re1+ 72. Kf5 Rf1+ 73. Kg4 Rg1+ 74. Kf4 Rf1+ 75. Kg3 1-0


[Site "https://www.chess.com"]